 Dungeon Crawl Stone Soup version 0.29.0-7-g18a832c13a (webtiles) character file.

Game seed: 17083649250852967890

1 GigaChad the Vexing (level 1, 0/15 HPs)
             Began as a Formicid Arcane Marksman on Aug 30, 2022.
             Slain by a jackal (2 damage)
             ... on level 1 of the Dungeon.
             The game lasted 00:00:40 (168 turns).

GigaChad the Vexing (Formicid Arcane Marksman)       Turns: 168, Time: 00:00:40

Health: 0/15       AC:  2    Str: 14    XL:     1   Next: 22%
Magic:  2/2        EV: 12    Int: 12    God:
Gold:   15         SH:  0    Dex: 14    Spells: 1/2 levels left

rFire   . . .      SeeInvis +   a - +1 sling
rCold   . . .      Faith    .   (no shield)
rNeg    . . .      Spirit   .   c - +0 robe
rPois   .          Reflect  .   (helmet unavailable)
rElec   .          Harm     .   (no cloak)
rCorr   .          Rampage  .   (no gloves)
Will    .....                   (no boots)
Stlth   +.........              (no amulet)
HPRegen 0.05/turn               (no ring)
MPRegen 0.08/turn               (no ring)

@: no status effects
A: permanent stasis, dig shafts and tunnels, antennae 3, four strong arms
a: Dig, Shaft Self


You were on level 1 of the Dungeon.
You visited 1 branch of the dungeon, and saw 1 of its levels.

You collected 15 gold pieces.

Inventory:

Hand Weapons
 a - a +1 sling (weapon)
 e - a +0 dagger
Armour
 c - a +0 robe (worn)
Scrolls
 b - a scroll of poison
 d - a scroll of identify {unknown}
 f - a scroll of blinking {unknown}


   Skills:
 + Level 1.1 Fighting
 + Level 2.0 Ranged Weapons
 + Level 1.7 Dodging
 + Level 1.1 Spellcasting
 + Level 3.7 Hexes


You had one spell level left.
You knew the following spells:

 Your Spells              Type           Power      Damage    Failure   Level
a - Slow                  Hex            36%        N/A       7%          1

Your spell library contained the following spells:

 Spells                   Type           Power      Damage    Failure   Level
 Inner Flame              Hex/Fire       5%         N/A       38%         3
 Portal Projectile        Hex/Tloc       10%        N/A       38%         3
 Cause Fear               Hex            4%         N/A       54%         4


Dungeon Overview and Level Annotations

Branches:
Dungeon (1/15)

Altars:


Innate Abilities, Weirdness & Mutations

You cannot be hasted, slowed, berserked, paralysed or teleported.
You can dig through walls and to a lower floor.
You have a pair of large antennae on your head. (SInv)
Your four strong arms can wield two-handed weapons with a shield.


Message History

The kobold hits you with a +0 short sword of protection. x2
The kobold misses you. The jackal attacks as you move away!
The jackal bites you. x2
You are too injured to fight recklessly!
You are too injured to fight recklessly!
You are too injured to fight recklessly!
The jackal attacks as you move away! The jackal closely misses you.
The jackal attacks as you move away! The jackal barely misses you. x2
You open the door. The jackal closely misses you.
Really attack while wielding your +1 sling? [Y]es or [N]o only, please.
Really attack while wielding your +1 sling? [Y]es or [N]o only, please.
Really attack while wielding your +1 sling? [Y]es or [N]o only, please.
Really attack while wielding your +1 sling?
You clumsily bash the jackal but do no damage.
The jackal misses you. The jackal bites you.
You closely miss the jackal. The jackal closely misses you.
The jackal barely misses you.
You clumsily bash the jackal but do no damage.
The jackal barely misses you. The jackal closely misses you.
You clumsily bash the jackal but do no damage.
The jackal barely misses you. The jackal bites you.
* * * LOW HITPOINT WARNING * * *
The jackal misses you.
You clumsily bash the jackal but do no damage.
The jackal misses you. The jackal barely misses you.
You clumsily bash the jackal but do no damage.
The jackal closely misses you. The jackal bites you.
* * * LOW HITPOINT WARNING * * *
You clumsily bash the jackal but do no damage.
The jackal bites you but does no damage.
The jackal closely misses you.
You clumsily bash the jackal but do no damage.
The jackal barely misses you. The jackal bites you.
* * * LOW HITPOINT WARNING * * *
You clumsily bash the jackal but do no damage.
The jackal bites you.
You die...

#..# { #.### #...#
#.#...... {
#.######. #.# #K#
#h#### ... {
#@...# #.# ##'##.#
#.# #~~~#.# #.#
+~~~'.# #.#
#~~~### #.# ##'##
#.# #.# #.# #.#
..##############.#


You could see a jackal and a kobold.

Vanquished Creatures
  A goblin (D:1)
1 creature vanquished.

Notes
Turn   | Place    | Note
-------+----------+-------------------------------------------
     0 | D:1      | GigaChad the Formicid Arcane Marksman began the quest for
                  | the Orb.
     0 | D:1      | Reached XP level 1. HP: 15/15 MP: 2/2
   168 | D:1      | Slain by a jackal

Illustrated notes

Levels and vault maps discovered:
D:1:      dpeg_arrival_chambers_temple_mockup, layout_basic, minmay_liquid_box,
          minmay_pentomino_v4

Action                   || total
-------------------------++-------
Melee: Sling             ||     9
 Fire: Sling             ||     3
 Cast: Slow              ||     2
Armor: Robe              ||     2
Dodge: Dodged            ||    17
